 Dungeon Crawl Stone Soup version 0.29-a0-1027-gcd8c55af63 (webtiles) character file.

Game seed: 1364949273547424620

51 Locuples the Sneak (level 3, -1/27 HPs)
             Began as a Demonspawn Brigand on Aug 12, 2022.
             Slain by a kobold
             ... wielding a +0 club
              (2 damage)
             ... on level 3 of the Dungeon.
             The game lasted 00:03:03 (1297 turns).

Locuples the Sneak (Demonspawn Brigand)             Turns: 1297, Time: 00:03:03

Health: -1/27      AC:  3    Str: 11    XL:     3   Next: 58%
Magic:  3/3        EV: 15    Int: 12    God:
Gold:   45         SH:  0    Dex: 16    Spells: 2/2 levels left

rFire   . . .      SeeInvis .   a - +2 dagger
rCold   . . .      Faith    .   (no shield)
rNeg    . . .      Spirit   .   b - +0 robe
rPois   .          Reflect  .   (no helmet)
rElec   .          Harm     .   c - +0 cloak
rCorr   .          Rampage  .   (no gloves)
Will    .....                   (no boots)
Stlth   +++.......              (no amulet)
HPRegen 1.09/turn               f - +4 ring of evasion
MPRegen 0.08/turn               (no ring)

@: no status effects
A: powered by death 2
a: no special abilities


You were on level 3 of the Dungeon.
You visited 1 branch of the dungeon, and saw 4 of its levels.

You collected 45 gold pieces.

Inventory:

Hand Weapons
 a - a +2 dagger (weapon)
Missiles
 d - 9 poisoned darts (quivered)
 e - 3 curare-tipped darts
Armour
 b - a +0 robe (worn)
 c - a +0 cloak (worn)
Jewellery
 f - a +4 ring of evasion (left hand)
Scrolls
 h - a scroll of torment {unknown}
 i - a scroll of identify {unknown}
 j - a scroll of fear {unknown}


   Skills:
 - Level 2.0 Fighting
 + Level 2.1 Short Blades
 - Level 1.7 Throwing
 - Level 0.8 Dodging
 * Level 4.9 Stealth


You had 2 spell levels left.
You didn't know any spells.
Your spell library was empty.

Dungeon Overview and Level Annotations

Branches:
Dungeon (4/15)
 Temple: D:4-7

Altars:


Innate Abilities, Weirdness & Mutations

You regenerate health from kills.


Message History

The orc hits you with a +0 trident. The orc barely misses you.
The kobold barely misses you.
It was a potion of cancellation.
Your magical effects are unravelling.
You feel magically purged.
You feel less invigorated.
You feel less confused. The orc closely misses you. The orc misses you.
The orc closely misses you. The kobold hits you but does no damage.
You hit the orc but do no damage.
The orc is heavily wounded.
The orc misses you. The orc completely misses you.
The orc hits you with a +0 trident. The kobold hits you but does no damage.
You hit the orc but do no damage.
The orc is heavily wounded.
The orc misses you. The orc closely misses you.
The orc hits you with a +0 trident. The kobold hits you with a +0 club.
You hit the orc.
You kill the orc!
The orc closely misses you. x2; The kobold hits you with a +0 club.
* * * LOW HITPOINT WARNING * * *
You hit the orc.
The orc is severely wounded.
The orc misses you. The orc hits you with a +0 trident!
* * * LOW HITPOINT WARNING * * *
The kobold hits you but does no damage.
You hit the orc.
The orc is almost dead.
The orc barely misses you. The orc closely misses you.
The kobold hits you but does no damage.
You barely miss the orc.
The orc is almost dead.
The orc hits you with a +0 club.
* * * LOW HITPOINT WARNING * * *
The orc misses you. The kobold misses you.
You hit the orc but do no damage.
The orc is almost dead.
The orc misses you. The orc hits you with a +0 trident.
* * * LOW HITPOINT WARNING * * *
The kobold hits you with a +0 club.
You die...

.......##.#
#.........####
#......#......
#....#.#......
#....#........
..#...>#....#
.............#
...>......)K.#
...........@o#
..........#o.......
##.................
...###.............
... ##.##.........
.. .......... ...
#####..... ...?
.....


You could see 2 orcs and a kobold.

Vanquished Creatures
  A gnoll (D:1)
  2 dart slugs (D:1)
  2 orcs (D:3)
  4 endoplasms (D:1)
  A giant cockroach (D:1)
  3 goblins (D:1)
  4 hobgoblins
  2 quokkas (D:1)
  9 ball pythons (D:1)
  3 bats (D:1)
  A frilled lizard (D:1)
  A kobold (D:1)
  2 rats (D:1)
35 creatures vanquished.

Notes
Turn   | Place    | Note
-------+----------+-------------------------------------------
     0 | D:1      | Locuples the Demonspawn Brigand began the quest for the
                  | Orb.
     0 | D:1      | Reached XP level 1. HP: 16/16 MP: 1/1
   201 | D:1      | Reached skill level 4 in Stealth
   201 | D:1      | Gained mutation: You regenerate a little health from kills.
                  | [demonic ancestry]
   201 | D:1      | Reached XP level 2. HP: 22/22 MP: 2/2
   729 | D:1      | Gained mutation: You regenerate health from kills. [demonic
                  | ancestry]
   729 | D:1      | Reached XP level 3. HP: 22/27 MP: 3/3
  1220 | D:2      | You fall into a shaft and drop 2 floors!
  1297 | D:3      | HP: 1/27 [orc/+0 trident (4)]
  1297 | D:3      | Slain by a kobold

Illustrated notes

Levels and vault maps discovered:
D:1:      dpeg_arrival_central, layout_loops_ring
D:2:      layout_basic, corexii_shack
D:3:      minmay_chambers_of_twos, layout_basic, elyvilon_altar_5,
          mainiacjoe_overflow_alcove_2, minmay_goblin_outpost
D:4:      layout_rooms

Skill      XL: |  1  2 |
---------------+-------+-----
Stealth        | 4 |  4.9
Short Blades   | 2 |  2.1
Fighting       | |  2.0
Throwing       | |  1.7
Dodging        | |  0.8

Action                   || total
-------------------------++-------
Melee: Dagger            ||   120
  Use: Potion            ||     2
 Stab: Sleeping          ||    10
Armor: Robe              ||    45
Dodge: Dodged            ||   118

Table legend: (Time is in decaauts)
 A = Elapsed time spent in this place.
 B = Non-inter-level travel time spent in this place.
 C = Inter-level travel time spent in this place.
 D = Time resting spent in this place.
 E = Time spent auto-exploring this place.
 F = Levels seen in this place.
 G = Mean time per level.
                   A        B        C        D        E       F      G
               +--------+--------+--------+--------+--------+-----+--------+
         Total |   1283 |   1283 |      0 |    428 |    526 |   4 |  320.8 |
       Dungeon |   1283 |   1283 |      0 |    428 |    526 |   4 |  320.8 |
               +--------+--------+--------+--------+--------+-----+--------+

Top non-repeatable levels by time:
     D:1: 1209 daAuts
     D:4: 48 daAuts
     D:3: 26 daAuts
